Map: Récif abyssal EC

Players

sloddervos - Winner!

  • Race: Zerg Zerg
  • League: Master
  • Spawn Location: 5:00

kardeyy

  • Race: Terran Terran
  • League: Diamond
  • Spawn Location: 11:00

VOD

Have the link to the VOD?

Description

Def du 2/1/1

Time

  • Played on: July 19, 2017, 4:13 p.m.
  • Length: 11:56
Show
View Real Time Build Order
Export as new Build Order

sloddervos Zerg - Winner!

Build Orders: Hatch First 

Get SALT Encoding   

  12  0:00  Drone  
  13  0:12  Overlord  
  13  0:17  Drone  
  14  0:31  Drone  
  14  0:32  Drone  
  16  0:37  Drone  
  17  0:53  Hatchery  
  17  0:55  Drone  
  17  0:58  Drone  
  18  1:08  Extractor  
  17  1:14  Spawning Pool  
  17  1:16  Drone  
  17  1:19  Drone  
  18  1:28  Drone  
  19  1:39  Overlord  
  19  1:52  Drone  
  20  2:00  Queen  
  22  2:01  Zergling x2  
  22  2:04  Queen  
  22  2:05  Zergling x2  
  26  2:09  Metabolic Boost  
  26  2:13  Drone  
  27  2:20  Drone  
  28  2:33  Drone x2  
  28  2:34  Drone  
  31  2:42  Drone  
  32  2:44  Hatchery  
  32  2:47  Drone  
  32  2:49  Drone  
  33  2:55  Drone  
  34  2:58  Overlord  
  34  3:06  Queen  
  36  3:16  Queen, Overlord  
  36  3:18  Drone x3  
  41  3:21  Drone  
  41  3:25  Drone  
  41  3:26  Drone  
  44  3:33  Overlord  
  44  3:40  Drone x3  
  47  3:45  Drone x3  
  47  3:46  Overlord  
  50  3:52  Queen  
  52  3:58  Drone x3  
  52  3:59  Queen  
  52  4:02  Queen  
  57  4:06  Overlord  
  57  4:08  Drone  
  60  4:13  Drone x2  
  60  4:17  Evolution Chamber  
  61  4:18  Drone x2, Evolution Chamber  
  62  4:25  Overlord  
  62  4:26  Overlord  
  62  4:29  Drone x2  
  62  4:30  Drone x2  
  66  4:33  Drone x2  
  67  4:40  Queen  
  69  4:47  Zerg Missile Weapons Level 1  
  69  4:48  Drone x3  
  72  4:55  Zerg Ground Armor Level 1  
  72  4:57  Zergling x2  
  72  4:58  Zergling x10  
  78  5:02  Queen  
  78  5:03  Zergling x8  
  84  5:12  Zergling x6  
  87  5:22  Zergling x4  
  87  5:24  Overlord x3  
  87  5:25  Overlord, Hatchery  
  88  5:35  Baneling Nest, Extractor, Drone x2  
  88  5:36  Extractor  
  87  5:47  Queen  
  89  5:50  Drone  
  89  5:51  Drone x2  
  89  5:52  Drone x3  
  89  5:54  Drone x2  
  89  5:55  Drone x4  
  89  5:56  Extractor  
  100  5:57  Extractor  
  100  5:59  Overlord  
  100  6:01  Overlord  
  94  6:18  Overlord x2  
  94  6:19  Zergling x2  
  94  6:20  Zergling x6  
  94  6:24  Lair  
  98  6:25  Extractor  
  98  6:31  Drone x3  
  100  6:33  Drone x7, Hatchery  
  106  6:44  Drone  
  106  6:45  Drone x2  
  109  6:47  Zergling x2  
  110  7:00  Zergling x22  
  121  7:02  Queen  
  123  7:14  Zergling x8  
  127  7:18  Baneling  
  127  7:19  Baneling x15  
  127  7:20  Centrifical Hooks  
  127  7:25  Zerg Missile Weapons Level 2  
  127  7:27  Hydralisk Den  
  127  7:29  Drone x5  
  131  7:30  Zergling x2  
  131  7:34  Zerg Ground Armor Level 2  
  131  7:35  Zergling x2  
  131  7:36  Zergling x8  
  137  7:44  Zergling x8  
  139  7:47  Zergling x6  
  144  7:53  Zergling x2  
  144  7:54  Zergling x4  
  141  8:04  Hydralisk x5  
  148  8:08  Zergling x10  
  148  8:10  Baneling x5  
  148  8:11  Baneling x8  
  147  8:18  Queen  
  147  8:19  Queen x2  
  149  8:21  Zergling x2  
  149  8:22  Overlord x4  
  149  8:26  Infestation Pit  
  149  8:31  Extractor x2  
  147  8:36  Hydralisk  
  149  8:41  Drone x3  
  149  8:42  Spore Crawler, Drone  
  149  8:43  Spore Crawler, Drone x2  
  149  8:44  Hydralisk  
  149  8:45  Hydralisk x7  
  167  8:50  Drone x3  
  167  8:51  Drone  
  167  8:52  Drone  
  158  8:56  Hatchery  
  153  9:25  Hydralisk  
  153  9:26  Hydralisk x11  
  153  9:28  Zergling x8  
  153  9:29  Overlord x4  
  181  9:48  Zergling x22  
  181  9:52  Hive  
  190  9:55  Zerg Melee Weapons Level 1  
  190  9:57  Hydralisk x4  
  190  9:59  Zergling x2  
  192  10:17  Drone x7  
  199  10:26  Zergling x2  
  200  10:31  Hatchery  
  199  10:47  Zergling x8  
  199  10:48  Zergling x2  
  193  10:51  Zergling x24  
  188  11:06  Ultralisk Cavern  
  182  11:13  Zergling x2  
  182  11:14  Zergling x22  
  185  11:19  Zergling x2  
  185  11:25  Zergling x8  
  184  11:26  Baneling x4  
  184  11:27  Overseer  
  184  11:30  Zergling x2  
  184  11:31  Zergling x10  
Show
View Real Time Build Order
Export as new Build Order

kardeyy Terran 

Build Orders: Reaper Expand, MMM Bio 

Get SALT Encoding   

  12  0:01  SCV  
  13  0:13  SCV  
  14  0:17  Supply Depot  
  14  0:25  SCV  
  15  0:39  SCV, Barracks  
  16  0:46  Refinery  
  16  0:51  SCV  
  17  1:03  SCV  
  18  1:15  SCV  
  19  1:31  Orbital Command  
  19  1:32  Reaper  
  20  1:40  Command Center  
  20  1:52  Supply Depot  
  20  1:56  SCV  
  21  2:09  Barracks Reactor, SCV  
  21  2:12  Refinery  
  21  2:13  Barracks  
  23  2:22  SCV  
  23  2:36  SCV  
  24  2:42  Factory  
  24  2:47  Marine x2  
  24  2:50  SCV  
  27  2:52  Orbital Command  
  27  3:07  Marine x2  
  27  3:08  Barracks Tech Lab  
  27  3:10  SCV  
  30  3:18  Supply Depot  
  30  3:20  SCV  
  30  3:22  SCV  
  30  3:26  Marine x2  
  34  3:29  Starport  
  34  3:30  Marine, Stimpack  
  34  3:33  SCV  
  36  3:36  Factory Reactor  
  35  3:41  SCV  
  35  3:45  SCV  
  35  3:47  Marine x2  
  39  3:49  Supply Depot  
  39  3:51  Marine  
  39  3:53  SCV  
  41  3:57  SCV  
  42  4:04  Marine  
  42  4:05  SCV, Marine  
  45  4:15  Marine  
  45  4:16  SCV  
  47  4:18  SCV  
  47  4:22  Marine  
  47  4:23  Medivac x2  
  53  4:30  Marine  
  54  4:32  SCV x2  
  56  4:40  Supply Depot  
  56  4:43  Marine  
  56  4:44  SCV  
  58  4:46  SCV  
  58  4:51  Supply Depot  
  59  4:53  Medivac  
  59  4:55  Engineering Bay  
  59  4:57  Marine, Engineering Bay  
  62  5:01  SCV x2, Medivac  
  62  5:02  Supply Depot  
  62  5:04  Marine x2  
  68  5:15  Marine  
  69  5:21  Marine  
  69  5:22  Marine, Refinery  
  69  5:23  Refinery  
  71  5:28  Terran Infantry Weapons Level 1  
  71  5:29  Terran Infantry Armor Level 1  
  71  5:33  Marine  
  71  5:34  Combat Shields  
  72  5:41  Marine x2  
  74  5:48  Barracks  
  74  5:54  Command Center  
  74  5:58  Marine  
  74  5:59  Marine  
  74  6:01  SCV x2  
  78  6:17  Marine x3  
  71  6:31  SCV  
  71  6:32  Supply Depot  
  72  6:35  Marine x2, Medivac x2  
  78  6:40  Barracks Reactor  
  78  6:44  Marine  
  78  6:46  Barracks  
  79  6:50  Barracks  
  79  6:52  Marine  
  80  7:00  SCV x2  
  82  7:07  Marine x2  
  82  7:08  Supply Depot  
  84  7:13  Armory  
  84  7:16  Concussive Shells  
  84  7:17  Orbital Command  
  84  7:18  Marine x2  
  84  7:22  Marine  
  87  7:27  Medivac  
  89  7:30  Supply Depot  
  89  7:32  Marine  
  90  7:37  Barracks Reactor  
  90  7:38  Barracks Reactor  
  88  8:02  Marine x3  
  90  8:13  Marine x3  
  90  8:19  Orbital Command  
  86  8:23  Marine x4  
  86  8:25  Terran Infantry Weapons Level 2, Marine  
  86  8:26  Terran Infantry Armor Level 2  
  91  8:27  Medivac x2  
  95  8:37  Marine x4  
  95  8:41  Marine  
  100  9:01  Marine  
  100  9:02  Marine x7  
  90  9:11  Marine  
  90  9:12  Medivac x2  
  90  9:17  SCV x3  
  97  9:19  Marine x3  
  95  9:25  Marine  
  95  9:26  Marine  
  95  9:29  SCV x3  
  95  9:30  Marine x3  
  103  9:38  Barracks  
  103  9:40  Barracks  
  103  9:41  SCV x2  
  103  9:42  Medivac x2, Supply Depot x2  
  103  9:44  Marine x3  
  103  9:45  Marine x3  
  115  9:59  Marine x3  
  117  10:01  SCV x3  
  117  10:02  Marine  
  117  10:12  Medivac x2  
  117  10:13  Marine x4  
  117  10:14  Marine  
  126  10:17  SCV x3  
  129  10:29  SCV, Marine x4  
  129  10:31  SCV x2  
  136  10:39  Marine  
  136  10:40  Marine x4  
  136  10:42  Medivac x2  
  139  11:02  Marine x2  
  139  11:03  Marine x4  
  144  11:12  Medivac x2  
  147  11:20  Marine  
  147  11:21  Marine x2  
  148  11:28  Marine  
Tags
 
Add a new tag
Caveats
  • Supply blocks, unpowered buildings, or Contaminate may cause inaccurate times.
  • Supply counts are checked every 10 seconds.